 Dungeon Crawl Stone Soup version 0.28-b1-25-g9875b3fc8c (webtiles) character file.

Game seed: 1783172527604659440

27 sanka the Charlatan (level 2, -1/22 HPs)
             Began as a Palentonga Artificer on Feb 5, 2022.
             Slain by a gnoll (10 damage)
             ... on level 3 of the Dungeon.
             The game lasted 00:02:16 (2482 turns).

sanka the Charlatan (Palentonga Artificer)          Turns: 2482, Time: 00:02:16

Health: -1/22      AC:  4    Str: 15    XL:     2   Next: 93%
Magic:  2/2        EV:  9    Int: 11    God:
Gold:   46         SH:  0    Dex: 10    Spells: 1/1 levels left

rFire   . . .      SeeInvis +   a - +0 club
rCold   . . .      Faith    .   (no shield)
rNeg    . . .      Spirit   .   b - +0 leather armour
rPois   .          Reflect  .   (no helmet)
rElec   .          Harm     .   (no cloak)
rCorr   +          Rampage  .   (no gloves)
Will    .....                   (no barding)
Stlth   +.........              (no amulet)
HPRegen 0.07/turn               m - ring of resist corrosion
MPRegen 0.08/turn               (no ring)

@: no status effects
A: large, rugged brown scales 3, see invisible, deformed body, roll 1, armoured
tail
a: Rolling Charge


You were on level 3 of the Dungeon.
You visited 1 branch of the dungeon, and saw 3 of its levels.

You collected 46 gold pieces.

Inventory:

Hand Weapons
 a - a +0 club (weapon)
Armour
 b - a +0 leather armour (worn)
Jewellery
 m - a ring of resist corrosion (left hand)
Wands
 c - a wand of flame (13) (quivered)
 d - a wand of charming (13)
Scrolls
 f - a scroll of silence {unknown}
 g - a scroll of immolation {unknown}
 h - a scroll of identify {unknown}
 i - a scroll of fear {unknown}
 k - a scroll of fog {unknown}
 n - a scroll of vulnerability {unknown}
Potions
 j - a potion of cancellation {unknown}
 l - a potion of might {unknown}
Miscellaneous
 e - a piece from Xom's chessboard (15/15)


   Skills:
 - Level 1.0 Fighting
 - Level 1.5 Armour
 - Level 0.7 Dodging
 - Level 0.5 Stealth
 + Level 2.3 Unarmed Combat
 - Level 3.0 Evocations


You had one spell level left.
You didn't know any spells.
Your spell library contained the following spells:

 Spells                   Type           Power      Damage    Failure   Level
 Sublimation of Blood     Necr           0%         N/A       54%         2
 Dazzling Flash           Conj/Hex       0%         N/A       78%         3
 Petrify                  Tmut/Erth      0%         N/A       99%         4
 Agony                    Necr           0%         N/A       100%        5
 Irradiate                Conj/Tmut      0%         3d14      100%        5
 Silence                  Hex/Air        0%         N/A       100%        5
 Chain Lightning          Conj/Air       0%         N/A       100%        9
 Fire Storm               Conj/Fire      0%         5d1       100%        9
 Shatter                  Erth           0%         3d5*      100%        9


Dungeon Overview and Level Annotations

Branches:
Dungeon (3/15)

Altars:
Dithmenos


Innate Abilities, Weirdness & Mutations

You are completely covered in rugged brown scales. (AC +3, +7% HP)
You have supernaturally acute eyesight. (SInv)
Armour fits poorly on your strangely shaped body.
You can roll at nearby foes to attack.
You have a long armoured tail.


Message History

Aim: a gnoll, wielding a +0 club (chance to affect: 65%)
The gnoll is charmed.
What are your orders? t - Shout!
Orders for allies: a - Attack new target. p - Attack previous target. r - Retreat! s - Stop attacking. g - Guard the area. f - Follow me.
Anything else - Cancel.
Guard this area!
The gnoll hits your gnoll with a +0 spear.
Your gnoll completely misses the gnoll.
The gnoll hits your gnoll with a +0 spear.
Your gnoll hits the gnoll with a +0 club.
The gnoll hits your gnoll with a +0 spear.
Your gnoll hits the gnoll with a +0 club.
The gnoll closely misses your gnoll.
Your gnoll misses the gnoll.
The gnoll hits your gnoll with a +0 spear.
Your gnoll hits the gnoll with a +0 club.
The gnoll hits your gnoll with a +0 spear.
Your gnoll dies!
A gnoll comes into view. It is wielding a +0 club.
The gnoll closely misses you. The gnoll barely misses you.
You hit the gnoll.
The gnoll is almost dead.
The gnoll hits you but does no damage.
You hit the gnoll but do no damage.
The gnoll is almost dead.
The gnoll hits you with a +0 spear.
You barely miss the gnoll.
The gnoll is almost dead.
The gnoll barely misses you. The gnoll hits you with a +0 spear.
You hit the gnoll but do no damage.
The gnoll is almost dead.
The gnoll hits you with a +0 spear.
You hit the gnoll.
You kill the gnoll!
The gnoll hits you with a +0 flail!
You die...

#########.#
#..@gg....#
..#####.#########
#.........#
#######.#.#
...#.#
#.###.###.#.#
#.....<.....#
#########.###


You could see 2 gnolls.

Vanquished Creatures
  A gnoll (D:3)
  3 endoplasms
  A giant cockroach (D:2)
  3 goblins
  4 hobgoblins
  A kobold (D:1)
  3 quokkas
  2 ball pythons
  3 bats
  A frilled lizard (D:1)
  2 rats
24 creatures vanquished.

Vanquished Creatures (others)
  A gnoll (D:3)
1 creature vanquished.

Grand Total: 25 creatures vanquished

Notes
Turn   | Place    | Note
-------+----------+-------------------------------------------
     0 | D:1      | sanka the Palentonga Artificer began the quest for the Orb.
     0 | D:1      | Reached XP level 1. HP: 16/16 MP: 1/1
   369 | D:1      | Reached skill level 3 in Evocations
   617 | D:1      | Reached skill level 1 in Unarmed Combat
   777 | D:1      | Reached XP level 2. HP: 22/22 MP: 2/2
  1270 | D:1      | Found a faded altar of an unknown god.
  2178 | D:2      | Found a shadowy altar of Dithmenos.
  2482 | D:3      | Slain by a gnoll

Illustrated notes

Levels and vault maps discovered:
D:1:      ncdulo_smallfort, layout_loops_ring,
          hellmonk_ecumenical_altar_prayer_group,
          chequers_serial_rivers_micro_c, amcnicky_mini_corridor_feature,
          minmay_misc_feat_diagonals
D:2:      layout_rooms, basic_altar
D:3:      layout_basic, mainiacjoe_overflow_brackets, serial_shops, shop,
          kennysheep_nondescript, glass_columns_a, roderic_serpentine_path

Skill      XL: |  1  2 |
---------------+-------+-----
Evocations     | 3 |  3.0
Unarmed Combat | 1 2 |  2.3
Fighting       | |  1.0
Armour         | |  1.5
Dodging        | |  0.7
Stealth        | |  0.5

Action                   || total
-------------------------++-------
Melee: Club              ||    80
       Tailslap          ||     6
       Punch             ||     1
 Abil: Rolling Charge    ||     3
Evoke: Wand              ||     4
Armor: Leather armour    ||    25
Dodge: Dodged            ||    33
